 Dungeon Crawl Stone Soup version 0.31.0-32-g396128a36d (webtiles) character file.

Game seed: 13957926851259267140

73 Jinxx the Chiller (level 4, 0/30 HPs)
             Began as a Demonspawn Ice Elementalist on Apr 6, 2024.
             Killed from afar by a white imp (8 damage)
             ... with a puff of frost
             ... on level 3 of the Dungeon.
             The game lasted 00:04:51 (2174 turns).

Jinxx the Chiller (Demonspawn Ice Elementalist)     Turns: 2174, Time: 00:04:52

Health: 0/30       AC:  6    Str:  9    XL:     4   Next: 8%
Magic:  1/8        EV: 12    Int: 17    God:
Gold:   99         SH:  0    Dex: 13    Spells: 7/8 levels left

rFire   . . .        l - +0 dagger
rCold   . . .        (no shield)
rNeg    . . .        a - +0 robe
rPois   .            (no helmet)
rElec   .            (no cloak)
rCorr   .            d - +1 pair of gloves
SInv    .            (no boots)
Will    .....        (no amulet)
Stlth   ++           (no ring)
HPRegen 0.25/turn    (no ring)
MPRegen 0.11/turn

%: no passive effects
@: no status effects
A: yellow scales 1, foul stench 1
a: no special abilities


You were on level 3 of the Dungeon.
You visited 1 branch of the dungeon, and saw 3 of its levels.

You collected 99 gold pieces.

Inventory:

Hand Weapons
 l - a +0 dagger (weapon)
Missiles
 g - 5 javelins
 i - 5 boomerangs
 k - 2 poisoned darts
Armour
 a - a +0 robe (worn)
 d - a +1 pair of gloves (worn)
Talismans
 e - a blade talisman
Scrolls
 c - a scroll of amnesia {unknown}
 f - a scroll of blinking {unknown}
 h - a scroll of enchant armour {unknown}
 m - 2 scrolls of identify {unknown}
Potions
 b - a potion of magic
 j - a potion of heal wounds {unknown}


   Skills:
 + Level 2.1 Dodging
 + Level 2.0 Stealth
 + Level 2.7 Spellcasting
 + Level 4.5 Ice Magic


You had 7 spell levels left.
You knew the following spells:

 Your Spells              Type           Power      Damage    Failure   Level
a - Freeze                Ice            68%        1d8       2%          1

Your spell library contained the following spells:

 Spells                   Type           Power      Damage    Failure   Level
 Frozen Ramparts          Ice            34%        1d6       9%          3
 Ozocubu's Armour         Ice            17%        N/A       9%          3
 Summon Ice Beast         Ice/Summ       9%         N/A       22%         3
 Jinxbite                 Hex            4%         N/A       26%         2
 Yara's Violent Unravell  Hex/Alch       1%         3d3       99%         5
 Enfeeble                 Hex            1%         N/A       100%        7


Dungeon Overview and Level Annotations

Branches:
Dungeon (3/15)

Altars:


Innate Abilities, Weirdness & Mutations

You are partially covered in yellow scales. (AC +2)
You may rarely emit foul miasma when damaged in melee.


Message History

Aiming: Freeze (safe; 3% risk of failure)
Press: ? - help, Q - select action, (/) - cycle Shift-Dir - straight line, f - orc
Aim: an orc, wielding a +0 club You freeze the orc.
The orc is lightly wounded.
The orc closely misses you.
Aiming: Freeze (safe; 3% risk of failure)
Press: ? - help, Q - select action, (/) - cycle Shift-Dir - straight line, f/p - orc
Aim: an orc, wielding a +0 club (lightly wounded)
You freeze the orc.
The orc is heavily wounded.
The orc hits you with a +0 club.
Aiming: Freeze (safe; 3% risk of failure)
Press: ? - help, Q - select action, (/) - cycle Shift-Dir - straight line, f/p - orc
Aim: an orc, wielding a +0 club (heavily wounded)
You freeze the orc.
You kill the orc!
Unknown command.
Aiming: Freeze (safe; 2% risk of failure)
Press: ? - help, Q - select action, (/) - cycle Shift-Dir - straight line, f - white imp
Aim: a white imp You freeze the white imp.
The white imp resists.
The white imp is lightly wounded.
The white imp gestures at you. The puff of frost hits you.
Aiming: Freeze (safe; 2% risk of failure)
Press: ? - help, Q - select action, (/) - cycle Shift-Dir - straight line, f/p - white imp
Aim: a white imp (lightly wounded)
You freeze the white imp.
The white imp resists.
The white imp is lightly wounded.
The white imp gestures at you. The puff of frost hits you!
The white imp attacks as it pursues you!
The white imp hits you but does no damage.
The white imp gestures at you. The puff of frost hits you!
* * * LOW HITPOINT WARNING * * *
The white imp gestures at you. The puff of frost hits you!
You die...

#.#.# #.#.# #.#.# #.#.# #.#.#
#.#.# #.#.# ########
#.#.#####......#################
#.#............@..5oo)..........
#.#######......#################
#.# #......# #.# ######## #.#
#.########
#........###############
########.#.............#
#.#.###########.#


You could see an orc wizard, a white imp and an orc.

Vanquished Creatures
  2 adders (D:2)
  2 dart slugs (D:2)
  A ribbon worm (D:2)
  2 orcs (D:3)
  5 ball pythons
  4 endoplasms
  3 giant cockroaches
  4 goblins
  A hobgoblin (D:1)
  3 jackals (D:1)
  3 bats
  5 frilled lizards
  5 kobolds
  5 rats
45 creatures vanquished.

Notes
Turn   | Place    | Note
-------+----------+-------------------------------------------
     0 | D:1      | Jinxx the Demonspawn Ice Elementalist began the quest for
                  | the Orb.
     0 | D:1      | Reached XP level 1. HP: 13/13 MP: 3/3
   271 | D:1      | Gained mutation: You may rarely emit foul miasma when
                  | damaged in melee. [demonic ancestry]
   271 | D:1      | Reached XP level 2. HP: 18/19 MP: 1/5
   389 | D:1      | Reached skill level 4 in Ice Magic
  1160 | D:2      | Reached XP level 3. HP: 23/24 MP: 2/6
  2024 | D:3      | Gained mutation: You are partially covered in yellow
                  | scales. (AC +2) [demonic ancestry]
  2024 | D:3      | Reached XP level 4. HP: 30/30 MP: 3/7
  2174 | D:3      | Killed from afar by a white imp

Illustrated notes

Levels and vault maps discovered:
D:1:      ebering_trefoil_twist, layout_loops_cross, patterned_corridor
D:2:      layout_basic, kennysheep_generic_room_15
D:3:      minmay_wonky_spiral, layout_basic, grunt_dithmenos_smoke_and_mirrors

Skill      XL: |  1  2  3 |
---------------+----------+-----
Dodging        | 2 |  2.1
Ice Magic      | 4 |  4.5
Stealth        | 2 |  2.0
Spellcasting   | |  2.7

Action                     |  1- 3 |  4- 6 || total
---------------------------+-------+-------++-------
  Melee: Unarmed           |    24 |       ||    24
         Dagger            |     6 |       ||     6
   Cast: Freeze            |    58 |     9 ||    67
   Stab: Sleeping          |     3 |       ||     3
 Armour: Robe              |    39 |     7 ||    46
  Dodge: Dodged            |    50 |     3 ||    53
